TOP OF THE 1ST |
---|
Elkins Sting Rays batting - Pitching for Santa Clarita Music : RHP Awragh Masasu | Pitching: RHP Awragh Masasu | | Batting: RHB Albert Morán | 0-0: Called Strike 0-1: Foul Ball, location: 2F 0-2: DOUBLE (Line Drive, 9LM) | Batting: RHB Pietro Ciccoritti | 0-0: Called Strike 0-1: Ball 1-1: Foul Ball, location: 2F 1-2: Ball 2-2: Foul Ball, location: 2F 2-2: Foul Ball, location: 2F 2-2: Strikes out swinging | Batting: RHB Tony Flores | 0-0: Fly out, F7 (Flyball, 7LS) | Batting: RHB Wayne Hanson | 0-0: Swinging Strike 0-1: Ball 1-1: Called Strike 1-2: Strikes out looking | Top of the 1st over - 0 runs, 1 hit, 0 errors, 1 left on base; Elkins 0 - Santa Clarita 0 | BOTTOM OF THE 1ST |
---|
Santa Clarita Music batting - Pitching for Elkins Sting Rays : LHP Cisco Sánchez | Pitching: LHP Cisco Sánchez | | Batting: RHB Luis Suárez | 0-0: Called Strike 0-1: Ball 1-1: Ball 2-1: Ball 3-1: SINGLE (Line Drive, 34) | Batting: RHB Júlio Durán | 0-0: Ball Luis Suárez steals 2nd base 1-0: Called Strike Luis Suárez steals 3rd base 1-1: Ball 2-1: Fly out, F1 (Line Drive, 13) | Batting: RHB Jesús Morales | 0-0: Called Strike 0-1: Ball 1-1: Ball 2-1: Foul Ball, location: 2F 2-2: Fly out, F5 (Popup, 25F) | Batting: SHB Stan Gómez | 0-0: DOUBLE (Line Drive, 7LD) Luis Suárez scores | Batting: RHB Lyle Johnston | 0-0: Ball 1-0: Ball 2-0: Ball 3-0: Base on Balls | Batting: SHB Pedro Rodríguez | 0-0: Ball 1-0: Fly out, F8 (Flyball, 8RD) | Bottom of the 1st over - 1 run, 2 hits, 0 errors, 2 left on base; Elkins 0 - Santa Clarita 1 | TOP OF THE 2ND |
---|
Elkins Sting Rays batting - Pitching for Santa Clarita Music : RHP Awragh Masasu | Batting: RHB Bill Andrews | 0-0: Called Strike 0-1: Swinging Strike 0-2: Ball 1-2: Ball 2-2: Ball 3-2: Strikes out swinging | Batting: LHB Carlos Músquez | 0-0: Ball 1-0: Called Strike 1-1: Ball 2-1: Foul Ball, location: 2F 2-2: Ground out U3 (Groundball, 3) | Batting: RHB Armando Blanco | 0-0: Called Strike 0-1: Ball 1-1: SINGLE (Groundball, 56D) | Batting: RHB Jorge Paredes | 0-0: Called Strike 0-1: Fly out, F8 (Flyball, 89S) | Top of the 2nd over - 0 runs, 1 hit, 0 errors, 1 left on base; Elkins 0 - Santa Clarita 1 | BOTTOM OF THE 2ND |
---|
Santa Clarita Music batting - Pitching for Elkins Sting Rays : LHP Cisco Sánchez | Batting: RHB Adam Gentry | 0-0: Ball 1-0: Ball 2-0: Called Strike 2-1: Ball 3-1: Fly out, F3 (Popup, 23F) | Batting: RHB Tyler Bond | 0-0: Ball 1-0: Called Strike 1-1: Ball 2-1: SINGLE (Groundball, 56D) | Batting: RHB Leroy Bates | 0-0: Ball 1-0: Swinging Strike 1-1: Called Strike 1-2: Foul Ball, location: 2F 1-2: Strikes out swinging | Batting: RHB Luis Suárez | 0-0: Called Strike Tyler Bond steals 2nd base 0-1: Swinging Strike 0-2: Ball 1-2: Strikes out looking | Bottom of the 2nd over - 0 runs, 1 hit, 0 errors, 1 left on base; Elkins 0 - Santa Clarita 1 | TOP OF THE 3RD |
---|
Elkins Sting Rays batting - Pitching for Santa Clarita Music : RHP Awragh Masasu | Batting: RHB Pedro Betancourt | 0-0: Swinging Strike 0-1: Foul Ball, location: 2F 0-2: Ball 1-2: Ground out 5-3 (Groundball, 56) | Batting: RHB Albert Morán | 0-0: Called Strike 0-1: Called Strike 0-2: Foul Ball, location: 2F 0-2: Ball 1-2: SOLO HOME RUN (Flyball, 78XD), Distance : 437 ft | Batting: RHB Pietro Ciccoritti | 0-0: Ball 1-0: Called Strike 1-1: Ball 2-1: Foul Ball, location: 2F 2-2: Foul Ball, location: 2F 2-2: SINGLE (Line Drive, 34) | Batting: RHB Tony Flores | 0-0: Ball 1-0: Called Strike 1-1: Ball 2-1: Fly out, F7 (Flyball, 78M) | Batting: RHB Wayne Hanson | 0-0: Ball 1-0: Foul Ball, location: 2F 1-1: Ball 2-1: Ball 3-1: Base on Balls Pietro Ciccoritti to second | Batting: RHB Bill Andrews | 0-0: Ground out 1-3 (Groundball, P) | Top of the 3rd over - 1 run, 2 hits, 0 errors, 2 left on base; Elkins 1 - Santa Clarita 1 | BOTTOM OF THE 3RD |
---|
Santa Clarita Music batting - Pitching for Elkins Sting Rays : LHP Cisco Sánchez | Batting: RHB Júlio Durán | 0-0: Called Strike 0-1: Ball 1-1: Ball 2-1: Called Strike 2-2: Ground out 5-3 (Groundball, 56S) | Batting: RHB Jesús Morales | 0-0: Called Strike 0-1: SOLO HOME RUN (Flyball, 89D), Distance : 424 ft | Batting: SHB Stan Gómez | 0-0: Called Strike 0-1: Ball 1-1: Called Strike 1-2: Strikes out looking | Batting: RHB Lyle Johnston | 0-0: Called Strike 0-1: Fly out, F9 (Flyball, 89M) | Bottom of the 3rd over - 1 run, 1 hit, 0 errors, 0 left on base; Elkins 1 - Santa Clarita 2 | TOP OF THE 4TH |
---|
Elkins Sting Rays batting - Pitching for Santa Clarita Music : RHP Awragh Masasu | Batting: LHB Carlos Músquez | 0-0: Foul Ball, location: 2F 0-1: Ball 1-1: Ground out 4-3 (Groundball, 4) | Batting: RHB Armando Blanco | 0-0: Ball 1-0: Swinging Strike 1-1: Swinging Strike 1-2: Foul Ball, location: 2F 1-2: Strikes out swinging | Batting: RHB Jorge Paredes | 0-0: Ball 1-0: Swinging Strike 1-1: Ball 2-1: Ball 3-1: SINGLE (Line Drive, 8RS) | Pitching: RHP Marcos Féliz | | Batting: RHB Pedro Betancourt | 0-0: Called Strike 0-1: Ball 1-1: Ball 2-1: Fly out, F8 (Flyball, 8RS) | Top of the 4th over - 0 runs, 1 hit, 0 errors, 1 left on base; Elkins 1 - Santa Clarita 2 | BOTTOM OF THE 4TH |
---|
Santa Clarita Music batting - Pitching for Elkins Sting Rays : LHP Cisco Sánchez | Batting: SHB Pedro Rodríguez | 0-0: Foul Ball, location: 2F 0-1: Foul Ball, location: 2F 0-2: Ball 1-2: Ball 2-2: Fly out, F7 (Flyball, 7) | Batting: RHB Adam Gentry | 0-0: Called Strike 0-1: Ball 1-1: Ball 2-1: Reached on error, E4 (Groundball, 4) | Batting: RHB Tyler Bond | 0-0: Ball 1-0: Ball 2-0: Ball 3-0: Base on Balls Adam Gentry to second | Batting: RHB Leroy Bates | 0-0: Ball 1-0: Called Strike 1-1: Foul Ball, location: 2F 1-2: Strikes out looking | Batting: RHB Luis Suárez | 0-0: Ball 1-0: SINGLE (Line Drive, 8LS) Adam Gentry to third Tyler Bond to second Runner from 3rd tries for Home, SAFE, no throw | Batting: RHB Júlio Durán | 0-0: Hit by Pitch Tyler Bond to third Luis Suárez to second | Batting: RHB Jesús Morales | 0-0: Foul Ball, location: 2F 0-1: Fly out, F9 (Flyball, 9) | Bottom of the 4th over - 1 run, 1 hit, 1 error, 3 left on base; Elkins 1 - Santa Clarita 3 | TOP OF THE 5TH |
---|
Elkins Sting Rays batting - Pitching for Santa Clarita Music : RHP Marcos Féliz | Batting: RHB Albert Morán | 0-0: Swinging Strike 0-1: Foul Ball, location: 2F 0-2: Strikes out swinging | Batting: RHB Pietro Ciccoritti | 0-0: Fly out, F5 (Popup, 6S) | Batting: RHB Tony Flores | 0-0: Ball 1-0: Ball 2-0: Ball 3-0: Base on Balls | Batting: RHB Wayne Hanson | 0-0: Called Strike 0-1: Ball 1-1: Foul Ball, location: 2F 1-2: Ball 2-2: Strikes out swinging | Top of the 5th over - 0 runs, 0 hits, 0 errors, 1 left on base; Elkins 1 - Santa Clarita 3 | BOTTOM OF THE 5TH |
---|
Santa Clarita Music batting - Pitching for Elkins Sting Rays : LHP Cisco Sánchez | Batting: SHB Stan Gómez | 0-0: Ball 1-0: Ball 2-0: Ground out U3 (Groundball, 3L) | Batting: RHB Lyle Johnston | 0-0: Ball 1-0: Ball 2-0: Called Strike 2-1: Ball 3-1: Swinging Strike 3-2: Ground out 4-3 (Groundball, 4) | Batting: SHB Pedro Rodríguez | 0-0: Called Strike 0-1: Ball 1-1: Called Strike 1-2: Ball 2-2: Strikes out swinging | Bottom of the 5th over - 0 runs, 0 hits, 0 errors, 0 left on base; Elkins 1 - Santa Clarita 3 | TOP OF THE 6TH |
---|
Elkins Sting Rays batting - Pitching for Santa Clarita Music : RHP Marcos Féliz | Batting: RHB Bill Andrews | 0-0: Called Strike 0-1: Fly out, F8 (Flyball, 8RM) | Batting: LHB Carlos Músquez | 0-0: Called Strike 0-1: Swinging Strike 0-2: Ball 1-2: Ball 2-2: Foul Ball, location: 2F 2-2: Ball 3-2: Ground out 4-3 (Groundball, 4) | Batting: RHB Armando Blanco | 0-0: Hit by Pitch | Batting: RHB Jorge Paredes | 0-0: Ball 1-0: Called Strike 1-1: Foul Ball, location: 2F 1-2: Fielders Choice at 2nd, 5-4 (Groundball, 56) | Top of the 6th over - 0 runs, 0 hits, 0 errors, 1 left on base; Elkins 1 - Santa Clarita 3 | BOTTOM OF THE 6TH |
---|
Santa Clarita Music batting - Pitching for Elkins Sting Rays : LHP Cisco Sánchez | Pitching: RHP Jorge Alvarado | | Batting: RHB Adam Gentry | 0-0: Foul Ball, location: 2F 0-1: Ball 1-1: Foul Ball, location: 2F 1-2: Strikes out looking | Batting: RHB Tyler Bond | 0-0: Swinging Strike 0-1: Ball 1-1: Fly out, F9 (Flyball, 89M) | Batting: RHB Leroy Bates | 0-0: Ground out 6-3 (Groundball, 6) | Bottom of the 6th over - 0 runs, 0 hits, 0 errors, 0 left on base; Elkins 1 - Santa Clarita 3 | TOP OF THE 7TH |
---|
Elkins Sting Rays batting - Pitching for Santa Clarita Music : RHP Marcos Féliz | Batting: RHB Pedro Betancourt | 0-0: DOUBLE (Line Drive, 7LD) | Batting: RHB Albert Morán | 0-0: Foul Ball, location: 2F 0-1: Fly out, F8 (Flyball, 8LD) Runner from 2nd tags up, SAFE at 3rd with throw | Batting: RHB Pietro Ciccoritti | 0-0: Called Strike 0-1: Swinging Strike 0-2: Strikes out swinging | Batting: RHB Tony Flores | 0-0: SINGLE (Line Drive, 89S) Pedro Betancourt scores | Batting: RHB Wayne Hanson | 0-0: Ball Wild Pitch! Tony Flores to second 1-0: Swinging Strike 1-1: Ball 2-1: Called Strike 2-2: Foul Ball, location: 2F 2-2: Ball 3-2: Strikes out swinging | Top of the 7th over - 1 run, 2 hits, 0 errors, 1 left on base; Elkins 2 - Santa Clarita 3 | BOTTOM OF THE 7TH |
---|
Santa Clarita Music batting - Pitching for Elkins Sting Rays : RHP Jorge Alvarado | Batting: RHB Luis Suárez | 0-0: Swinging Strike 0-1: Ground out 6-3 (Groundball, 6) | Batting: RHB Júlio Durán | 0-0: Ball 1-0: Ball 2-0: Called Strike 2-1: SINGLE (Line Drive, 4M) | Batting: RHB Jesús Morales | 0-0: Ball 1-0: Foul Ball, location: 2F 1-1: Called Strike 1-2: Ball 2-2: Foul Ball, location: 2F 2-2: 2-RUN HOME RUN (Flyball, 7D), Distance : 399 ft | Pitching: RHP Rafael Golaio | | Batting: SHB Stan Gómez | 0-0: Foul Ball, location: 2F 0-1: Ground out 6-3 (Groundball, 56) | Batting: RHB Lyle Johnston | 0-0: Ball 1-0: Foul Ball, location: 2F 1-1: Foul Ball, location: 2F 1-2: SINGLE (Line Drive, 7S) | Batting: SHB Pedro Rodríguez | 0-0: Foul Ball, location: 2F 0-1: Ball 1-1: Foul Ball, location: 2F 1-2: Ball 2-2: SINGLE (Line Drive, 9S) Lyle Johnston to second Runner from 2nd tries for 3rd, SAFE, no throw | Batting: RHB Adam Gentry | 0-0: Ball 1-0: Foul Ball, location: 2F 1-1: Ball 2-1: Fly out, F7 (Line Drive, 78M) | Bottom of the 7th over - 2 runs, 4 hits, 0 errors, 2 left on base; Elkins 2 - Santa Clarita 5 | TOP OF THE 8TH |
---|
Elkins Sting Rays batting - Pitching for Santa Clarita Music : RHP Marcos Féliz | Pitching: LHP Pedro Beleza | | Batting: RHB Bill Andrews | 0-0: Ball 1-0: Called Strike 1-1: Ball 2-1: Ball 3-1: Fly out, F4 (Line Drive, 4) | Batting: LHB Carlos Músquez | 0-0: Ball 1-0: Ball 2-0: SINGLE (Groundball, 34D) | Batting: RHB Armando Blanco | 0-0: Ball 1-0: Foul Ball, location: 2F 1-1: Swinging Strike 1-2: Fly out, F9 (Flyball, 89S) | Batting: RHB Jorge Paredes | 0-0: Swinging Strike 0-1: Ball 1-1: Fly out, F9 (Line Drive, 89S) | Top of the 8th over - 0 runs, 1 hit, 0 errors, 1 left on base; Elkins 2 - Santa Clarita 5 | BOTTOM OF THE 8TH |
---|
Santa Clarita Music batting - Pitching for Elkins Sting Rays : RHP Rafael Golaio | Batting: RHB Tyler Bond | 0-0: Foul Ball, location: 2F 0-1: Ball 1-1: Ball 2-1: Swinging Strike 2-2: Strikes out swinging | Batting: RHB Leroy Bates | 0-0: Called Strike 0-1: Ball 1-1: Ball 2-1: Foul Ball, location: 2F 2-2: Foul Ball, location: 2F 2-2: Fly out, F4 (Line Drive, 4M) | Batting: RHB Luis Suárez | 0-0: Foul Ball, location: 2F 0-1: Called Strike 0-2: Strikes out swinging | Bottom of the 8th over - 0 runs, 0 hits, 0 errors, 0 left on base; Elkins 2 - Santa Clarita 5 | TOP OF THE 9TH |
---|
Elkins Sting Rays batting - Pitching for Santa Clarita Music : LHP Pedro Beleza | Batting: RHB Pedro Betancourt | 0-0: SINGLE (Flyball, 89M) | Batting: RHB Albert Morán | 0-0: Ball 1-0: Ball 2-0: Ball 3-0: Called Strike 3-1: DOUBLE (Groundball, 5L) Pedro Betancourt to third | Batting: RHB Pietro Ciccoritti | 0-0: Ball 1-0: Called Strike 1-1: Swinging Strike 1-2: Ball 2-2: Strikes out looking | Batting: RHB Tony Flores | 0-0: Called Strike 0-1: Swinging Strike 0-2: Strikes out swinging | Batting: RHB Wayne Hanson | 0-0: Ball 1-0: Called Strike 1-1: Ground out 1-3 (Groundball, 13S) | Top of the 9th over - 0 runs, 2 hits, 0 errors, 2 left on base; Elkins 2 - Santa Clarita 5 | |